 Dungeon Sprint DCSS version 0.17-a0-1636-g3119f2b (webtiles) character file.

37 Kidiri the Sneak (level 3, -4/16 HPs)
             Began as a Spriggan Enchanter on Aug 5, 2015.
             Slain by a worker ant (8 damage)
             ... in the Dungeon (Sprint II: "The Violet Keep of Menkaure").
             The game lasted 00:00:42 (156 turns).

Kidiri the Sneak (Spriggan Enchanter)                Turns: 156, Time: 00:00:42

Health: -4/16      AC:  3    Str:  4    XL:     3   Next: 23%
Magic:  1/10       EV: 21    Int: 16    God:
Gold:   243        SH:  0    Dex: 17    Spells: 2 memorised, 8 levels left

rFire  . . .     SeeInvis +     a - +1 dagger
rCold  . . .     Clarity  .     b - +1 robe
rNeg   . . .     SustAt   .     (shield restricted)
rPois  .         Gourm    .     (helmet restricted)
rElec  .         Spirit   .     (no cloak)
rCorr  .         Warding  .     (gloves unavailable)
rMut   .         NoTele   +     (boots unavailable)
MR     .....                    (no amulet)
Stlth  ++++......               (no ring)
                                (no ring)

@: very quick, not resistant to hostile enchantments, stealthy
A: unfitting armour, see invisible, herbivore 3, speed 3, slow metabolism 2
a: no special abilities


You were in the Dungeon.
You were not hungry.

You visited 1 branch You collected 243 gold pieces.

Inventory:

Hand weapons
 a - a +1 dagger (weapon)
Armour
 b - a +1 robe (worn)
Scrolls
 j - a scroll of blinking
Potions
 e - a potion of curing
 f - a potion of heal wounds
 g - a potion of haste
 h - 2 potions of magic
 i - a potion of berserk rage
Books
 c - a book of Maledictions

   Spells                             Type                      Level
   a - Corona                         Hexes                        1
   b - Ensorcelled Hibernation        Hexes/Ice                    2
   c - Confuse                        Hexes                        3
   d - Tukima's Dance                 Hexes                        3
   e - Dazzling Spray                 Conjuration/Hexes            3
Comestibles
 d - a bread ration


   Skills:
 + Level 2.4 Short Blades
 * Level 5.3 Dodging
 * Level 6.4 Stealth
 * Level 4.6 Spellcasting
 + Level 4.6 Hexes
 + Level 1.0 Ice Magic


You had 8 spell levels left.
You knew the following spells:

 Your Spells              Type           Power        Failure   Level  Hunger
a - Corona                Hex            ###....      2%          1    None
b - Ensorcelled Hibernat  Hex/Ice        ##....       10%         2    ##.....


Dungeon Overview and Level Annotations

Branches:
Dungeon (1/1)

Altars:


Innate Abilities, Weirdness & Mutations

You are tiny and cannot use many weapons and most armour.
You have supernaturally acute eyesight.
You are a herbivore.
You cover ground extremely quickly.
You need consume almost no food.


Message History

Your Short Blades skill increases to level 2!
Your Dodging skill increases to level 5!
Your Stealth skill increases to level 6!
Your Spellcasting skill increases to level 4!
Your Ice Magic skill increases to level 1!
You have reached level 3!
Your experience leads to an increase in your attributes!
Increase (S)trength, (I)ntelligence, or (D)exterity?
You feel agile.
Casting: Ensorcelled Hibernation
Confirm with . or Enter, or press ? or * to list all spells.
Aiming: Ensorcelled Hibernation
Press: ? - help, Shift-Dir - straight line, f - worker ant
Aim: a worker ant (chance to defeat MR: 51%)
The worker ant resists with some effort.
The worker ant bites you.
* * * LOW HITPOINT WARNING * * *
The worker ant bites you!
Ouch! That really hurt!
You die...

## ## ##. .## ##
.m#.. .# ## .$.
### .## ##a
#+###.##..#
#..###.##.%.#..#
#a@.<.+.##+..#
#..###.####.#....#
##a #+#
#.##....§.≈ ## .#.
### ≈.....≈ .B B.
≈≈≈≈..≈ ##. $##
≈§≈≈§.≈ ## ##
§≈≈≈≈≈≈ ≈≈≈≈≈≈≈


You could see a worker ant.

Vanquished Creatures
  A worker ant (D)
  3 worms (D)
4 creatures vanquished.

Notes
Turn   | Place    | Note
--------------------------------------------------------------
     0 | D        | Kidiri the Spriggan Enchanter began the quest for the Orb.
     0 | D        | Reached XP level 1. HP: 9/9 MP: 5/5
     1 | D        | Noticed a siren
     5 | D        | Noticed a boulder beetle
     5 | D        | Noticed a boulder beetle
    18 | D        | Reached skill level 5 in Stealth
    32 | D        | Reached XP level 2. HP: 13/13 MP: 5/7
    41 | D        | Learned a level 2 spell: Ensorcelled Hibernation
   149 | D        | Noticed a worker ant
   149 | D        | Noticed a worker ant
   151 | D        | Noticed a worker ant
   151 | D        | Noticed a worker ant
   155 | D        | Killed a worker ant
   155 | D        | Reached skill level 5 in Dodging
   155 | D        | Reached skill level 6 in Stealth
   155 | D        | Reached skill level 1 in Ice Magic
   155 | D        | Reached XP level 3. HP: 9/16 MP: 3/10
   156 | D        | Slain by a worker ant

Vault maps used:
D:        the_violet_keep_of_menkaure

Action                   || total
-------------------------++-------
Melee: Dagger            ||     4
 Cast: Ensorcelled Hiber ||     3
 Stab: Sleeping          ||     4
